[ AOE2 MATCH · #484257907 ]
Team EWKhmer vs Sicilians
[ REPLAY ANALYSIS · EXTRACTED FROM THE RECORDED GAME ]
Feudal
—
Castle
9:59
Imperial
29:13
| APM avg | 36.1 |
| APM peak | 74 |
| eAPM avg | 17.2 |
| Villagers / military | 51 / 103 |
Focus
⚔️ 34.5% · 🌾 65.5%
Knight ×48 · Ballista Elephant ×24 · Scorpion ×20 · Scout Cavalry ×7 · Spearman ×4
Feudal
—
Castle
10:18
Imperial
29:54
| APM avg | 157.2 |
| APM peak | 457 |
| eAPM avg | 96.3 |
| Villagers / military | 37 / 116 |
Focus
⚔️ 89.1% · 🌾 10.9%
Scout Cavalry ×45 · Cavalry Archer ×44 · Magyar Huszar ×15 · Knight ×11 · Spearman ×1
Feudal
—
Castle
6:54
Imperial
20:21
| APM avg | 32.6 |
| APM peak | 66 |
| eAPM avg | 16.6 |
| Villagers / military | 84 / 72 |
Focus
⚔️ 26.1% · 🌾 73.9%
Cavalry Archer ×59 · Spearman ×9 · Mangonel ×2 · Trebuchet (Packed) ×2
Feudal
—
Castle
10:32
Imperial
27:52
| APM avg | 23.1 |
| APM peak | 50 |
| eAPM avg | 17.5 |
| Villagers / military | 76 / 167 |
Focus
⚔️ 45.2% · 🌾 54.8%
Spearman ×112 · Skirmisher ×46 · Serjeant ×7 · Trebuchet (Packed) ×2
Match map
Initial resources + every placement click. Lines = walls · curves = elevation contours. ◆ gold · ⬟ stone · ● berries · ✦ relic · ◌ wall gap
Your base· Open — 6t gap
Bienjamming's base· Open — unwalled flank
Tigre Mj's base· ✓ Closed at 6:54 · 58t walls · no gate
Pister BM's base· Open — 2t gap
Smoothed initial terrain · ◌ = detected wall gap · hover for details
Inputs per minute
— gran7urismo - - Bienjamming
Build order — gran7urismo
First 150 of 257 actions detected
| 0:03 | Create | Villager (Male) |
| 0:03 | Create | Villager (Male) |
| 0:03 | Create | Villager (Male) |
| 0:03 | Create | Villager (Male) |
| 0:25 | Build | Market |
| 1:09 | Create | Villager (Male) |
| 1:17 | Create | Spearman |
| 1:17 | Create | Spearman |
| 1:26 | Build | Stable |
| 1:33 | Build | Farm |
| 1:41 | Build | Farm |
| 1:52 | Build | House |
| 1:53 | Build | Palisade Wall |
| 2:01 | Build | House |
| 2:02 | Build | Palisade Wall |
| 2:03 | Build | Palisade Wall |
| 2:10 | Build | Palisade Wall |
| 2:19 | Create | Villager (Male) |
| 2:19 | Create | Villager (Male) |
| 2:22 | Create | Scout Cavalry |
| 2:22 | Create | Scout Cavalry |
| 2:22 | Create | Scout Cavalry |
| 2:32 | Create | Spearman |
| 2:43 | Build | Palisade Wall |
| 3:00 | Build | Farm |
| 3:06 | Build | Farm |
| 3:10 | Build | Farm |
| 3:14 | Build | House |
| 3:43 | Create | Spearman |
| 4:16 | Build | Farm |
| 4:19 | Build | Farm |
| 4:21 | Build | Farm |
| 4:43 | Create | Villager (Male) |
| 4:43 | Create | Villager (Male) |
| 4:43 | Create | Villager (Male) |
| 4:43 | Create | Villager (Male) |
| 4:57 | Build | Palisade Wall |
| 5:06 | Build | Palisade Wall |
| 5:11 | Create | Villager (Male) |
| 5:40 | Create | Scout Cavalry |
| 5:41 | Create | Scout Cavalry |
| 5:41 | Create | Scout Cavalry |
| 5:44 | Build | Farm |
| 6:05 | Build | Mining Camp |
| 6:11 | Build | Lumber Camp |
| 6:24 | Build | Farm |
| 6:27 | Build | Farm |
| 7:19 | Research | Castle Age |
| 7:24 | Research | Double-Bit Axe |
| 7:44 | Research | Gold Mining |
| 8:17 | Build | Mining Camp |
| 8:34 | Research | Forging |
| 8:35 | Research | Scale Barding Armor |
| 8:54 | Build | House |
| 8:58 | Build | Palisade Wall |
| 9:03 | Build | Palisade Wall |
| 9:09 | Build | Palisade Gate |
| 9:20 | Build | Palisade Wall |
| 9:34 | Research | Bloodlines |
| 9:44 | Research | Stone Mining |
| 9:59 | Age | Castle Age |
| 10:03 | Build | Siege Workshop |
| 10:14 | Build | Town Center |
| 10:19 | Research | Wheelbarrow |
| 10:19 | Research | Town Watch |
| 10:36 | Create | Villager (Male) |
| 10:36 | Create | Villager (Male) |
| 10:36 | Create | Villager (Male) |
| 10:56 | Create | Scorpion |
| 10:57 | Create | Scorpion |
| 11:00 | Create | Scorpion |
| 11:40 | Build | Stable |
| 11:45 | Research | Hand Cart |
| 11:46 | Create | Villager (Male) |
| 12:01 | Create | Villager (Male) |
| 12:13 | Build | Farm |
| 12:17 | Create | Villager (Male) |
| 12:18 | Create | Villager (Male) |
| 12:40 | Build | Farm |
| 12:43 | Create | Villager (Male) |
| 12:43 | Create | Villager (Male) |
| 12:43 | Create | Villager (Male) |
| 13:45 | Create | Scorpion |
| 13:45 | Create | Scorpion |
| 13:45 | Create | Scorpion |
| 13:48 | Build | Farm |
| 13:48 | Build | Farm |
| 14:01 | Build | Castle |
| 14:14 | Build | House |
| 14:17 | Build | House |
| 14:24 | Build | Farm |
| 14:24 | Build | Farm |
| 14:36 | Build | Stone Wall |
| 14:52 | Build | House |
| 14:53 | Build | House |
| 15:03 | Create | Villager (Male) |
| 15:04 | Create | Villager (Male) |
| 15:04 | Create | Villager (Male) |
| 15:04 | Create | Villager (Male) |
| 15:04 | Create | Villager (Male) |
| 15:18 | Create | Ballista Elephant |
| 15:18 | Create | Ballista Elephant |
| 15:18 | Create | Ballista Elephant |
| 15:18 | Create | Ballista Elephant |
| 15:30 | Build | University |
| 15:36 | Build | House |
| 15:59 | Create | Ballista Elephant |
| 15:59 | Create | Ballista Elephant |
| 16:06 | Build | Palisade Wall |
| 16:13 | Create | Scorpion |
| 16:13 | Create | Scorpion |
| 16:19 | Create | Villager (Male) |
| 16:19 | Create | Villager (Male) |
| 16:19 | Create | Villager (Male) |
| 16:20 | Create | Villager (Male) |
| 16:36 | Create | Villager (Male) |
| 16:37 | Create | Villager (Male) |
| 16:41 | Build | Farm |
| 16:47 | Build | Farm |
| 16:51 | Create | Villager (Male) |
| 17:00 | Create | Scorpion |
| 17:00 | Create | Scorpion |
| 17:12 | Create | Villager (Male) |
| 17:12 | Create | Villager (Male) |
| 17:12 | Create | Villager (Male) |
| 17:12 | Create | Villager (Male) |
| 17:34 | Research | Fletching |
| 17:38 | Build | Farm |
| 17:41 | Build | Farm |
| 17:45 | Build | Farm |
| 17:47 | Create | Villager (Male) |
| 17:47 | Create | Villager (Male) |
| 17:47 | Create | Villager (Male) |
| 17:52 | Create | Villager (Male) |
| 17:52 | Create | Villager (Male) |
| 18:10 | Create | Villager (Male) |
| 18:11 | Create | Villager (Male) |
| 18:11 | Create | Villager (Male) |
| 18:28 | Research | Bodkin Arrow |
| 18:29 | Research | Iron Casting |
| 18:33 | Research | Husbandry |
| 18:43 | Create | Villager (Male) |
| 18:44 | Create | Ballista Elephant |
| 18:44 | Create | Ballista Elephant |
| 19:04 | Research | Bow Saw |
| 19:33 | Create | Ballista Elephant |
| 19:33 | Create | Ballista Elephant |
| 19:34 | Create | Ballista Elephant |
| 19:34 | Create | Ballista Elephant |
| 19:45 | Create | Villager (Male) |
Build order — Bienjamming
First 150 of 254 actions detected
| 0:03 | Create | Villager (Male) |
| 0:10 | Create | Villager (Male) |
| 0:11 | Create | Villager (Male) |
| 0:11 | Create | Villager (Male) |
| 1:03 | Create | Villager (Male) ×3 |
| 1:15 | Create | Villager (Male) |
| 1:16 | Create | Villager (Male) |
| 1:17 | Create | Villager (Male) |
| 1:27 | Build | Stable |
| 1:29 | Build | House |
| 1:35 | Build | House |
| 1:48 | Research | Double-Bit Axe |
| 1:48 | Create | Villager (Male) |
| 1:51 | Research | Scale Barding Armor |
| 1:52 | Research | Scale Barding Armor |
| 2:01 | Build | Farm |
| 2:01 | Build | Farm |
| 2:01 | Build | Farm |
| 2:01 | Build | Farm |
| 2:01 | Build | Farm |
| 2:10 | Create | Spearman |
| 2:15 | Create | Scout Cavalry |
| 2:21 | Create | Villager (Male) |
| 2:25 | Build | Farm |
| 2:25 | Build | Farm |
| 2:26 | Build | Farm |
| 2:26 | Build | Farm |
| 2:52 | Create | Villager (Male) |
| 2:55 | Build | Farm |
| 3:13 | Build | Farm |
| 3:14 | Build | Farm |
| 3:14 | Build | Farm |
| 3:18 | Create | Villager (Male) |
| 3:19 | Create | Scout Cavalry |
| 3:29 | Create | Villager (Male) |
| 3:48 | Create | Scout Cavalry |
| 3:53 | Build | Farm |
| 3:54 | Build | Farm |
| 4:02 | Build | Mill |
| 4:02 | Build | Farm |
| 4:02 | Build | Farm |
| 4:03 | Build | Farm |
| 4:03 | Build | Farm |
| 4:03 | Build | Farm |
| 4:03 | Build | Farm |
| 4:38 | Create | Villager (Male) |
| 4:40 | Build | Farm |
| 4:41 | Build | Farm |
| 4:41 | Build | Farm |
| 4:47 | Create | Scout Cavalry |
| 4:49 | Create | Scout Cavalry |
| 5:11 | Create | Villager (Male) |
| 5:14 | Research | Wheelbarrow |
| 5:22 | Build | House |
| 5:25 | Build | House |
| 5:25 | Build | House |
| 5:30 | Build | House |
| 5:40 | Create | Scout Cavalry |
| 5:43 | Research | Bloodlines |
| 6:06 | Build | Market |
| 6:30 | Create | Scout Cavalry |
| 6:48 | Create | Villager (Male) |
| 6:57 | Create | Villager (Male) |
| 7:01 | Create | Scout Cavalry |
| 7:27 | Research | Castle Age |
| 7:37 | Build | Mining Camp |
| 8:12 | Build | Stable |
| 8:27 | Create | Scout Cavalry |
| 8:32 | Build | Watch Tower |
| 8:35 | Build | Gate |
| 9:10 | Create | Villager (Male) |
| 9:19 | Create | Scout Cavalry |
| 9:19 | Create | Scout Cavalry |
| 9:41 | Build | Archery Range |
| 9:44 | Build | Archery Range |
| 9:55 | Create | Villager (Male) |
| 10:18 | Age | Castle Age |
| 10:39 | Research | Light Cavalry (upgrade) |
| 11:25 | Build | Farm |
| 11:25 | Build | Farm |
| 11:28 | Create | Cavalry Archer ×5 |
| 11:31 | Create | Knight |
| 11:31 | Create | Scout Cavalry ×5 |
| 11:35 | Research | Fletching |
| 11:39 | Build | Mining Camp |
| 11:43 | Build | Farm |
| 11:46 | Create | Scout Cavalry ×5 |
| 11:59 | Build | House |
| 12:01 | Build | House |
| 12:36 | Build | Lumber Camp |
| 12:38 | Create | Villager (Male) |
| 12:43 | Build | Farm |
| 12:49 | Build | Farm |
| 13:23 | Create | Villager (Male) |
| 13:26 | Create | Cavalry Archer ×5 |
| 13:38 | Create | Villager (Male) |
| 14:00 | Create | Cavalry Archer |
| 14:00 | Create | Cavalry Archer |
| 14:02 | Create | Knight |
| 14:02 | Create | Knight |
| 14:03 | Create | Scout Cavalry |
| 14:07 | Build | Farm |
| 14:12 | Create | Villager (Male) |
| 14:14 | Build | Farm |
| 14:15 | Build | Farm |
| 14:15 | Build | Farm |
| 14:54 | Research | Town Watch |
| 14:55 | Build | Farm |
| 15:16 | Research | Bodkin Arrow |
| 15:17 | Research | Bodkin Arrow |
| 15:23 | Build | University |
| 15:30 | Build | House |
| 15:30 | Build | House |
| 15:30 | Build | House |
| 15:41 | Create | Villager (Male) |
| 15:48 | Create | Villager (Male) |
| 16:07 | Create | Villager (Male) |
| 16:09 | Build | Farm |
| 16:09 | Build | Farm |
| 16:09 | Build | Farm |
| 16:10 | Build | Farm |
| 16:17 | Build | House |
| 16:23 | Build | Castle |
| 16:25 | Build | Mining Camp |
| 16:36 | Research | Chain Barding Armor |
| 16:37 | Research | Chain Barding Armor |
| 16:38 | Create | Knight |
| 16:41 | Create | Cavalry Archer ×4 |
| 16:51 | Research | Gold Mining |
| 16:55 | Build | Farm |
| 16:59 | Build | Farm |
| 17:00 | Build | Farm |
| 17:02 | Create | Villager (Male) |
| 17:30 | Build | House |
| 17:35 | Build | Outpost |
| 18:15 | Create | Cavalry Archer ×4 |
| 19:07 | Create | Villager (Male) |
| 19:08 | Build | Farm |
| 19:09 | Build | Farm |
| 19:51 | Create | Knight |
| 19:52 | Create | Knight |
| 20:16 | Research | Bow Saw |
| 20:41 | Build | Castle |
| 20:42 | Build | Mining Camp |
| 21:04 | Research | Padded Archer Armor |
| 21:06 | Create | Cavalry Archer ×5 |
| 21:10 | Create | Knight |
| 21:10 | Create | Scout Cavalry |
| 21:10 | Create | Knight |
| 21:10 | Create | Scout Cavalry |
Build order — Tigre Mj
First 150 of 258 actions detected
| 0:03 | Create | Villager (Male) |
| 0:03 | Create | Villager (Male) |
| 0:03 | Create | Villager (Male) |
| 0:15 | Build | Market |
| 0:16 | Create | Villager (Male) |
| 0:51 | Build | House |
| 0:52 | Build | House |
| 0:54 | Create | Villager (Male) |
| 1:22 | Build | House |
| 1:45 | Create | Villager (Male) |
| 1:51 | Build | House |
| 1:55 | Build | Palisade Wall |
| 1:58 | Create | Villager (Male) |
| 2:03 | Build | House |
| 2:19 | Build | Archery Range |
| 2:29 | Create | Spearman |
| 2:47 | Build | Palisade Wall |
| 2:55 | Create | Spearman |
| 3:04 | Create | Villager (Male) |
| 3:17 | Build | Palisade Wall |
| 3:22 | Build | Palisade Wall |
| 3:28 | Create | Villager (Male) |
| 4:01 | Create | Villager (Male) |
| 4:09 | Build | Archery Range |
| 4:12 | Research | Castle Age |
| 4:33 | Create | Spearman |
| 4:51 | Create | Spearman |
| 4:56 | Build | House |
| 5:01 | Build | Palisade Wall |
| 5:09 | Build | House |
| 5:13 | Create | Spearman |
| 5:41 | Create | Villager (Male) |
| 5:44 | Build | Outpost |
| 5:48 | Build | House |
| 5:49 | Build | House |
| 5:51 | Research | Fletching |
| 6:12 | Create | Spearman |
| 6:12 | Create | Spearman |
| 6:49 | Create | Villager (Male) |
| 6:50 | Research | Double-Bit Axe |
| 6:52 | Research | Horse Collar |
| 6:54 | Age | Castle Age |
| 6:55 | Build | Farm |
| 7:00 | Create | Cavalry Archer |
| 7:00 | Create | Cavalry Archer |
| 7:05 | Create | Cavalry Archer |
| 7:05 | Create | Cavalry Archer |
| 7:14 | Build | Farm |
| 7:20 | Build | Palisade Gate |
| 7:25 | Build | Farm |
| 7:28 | Build | Farm |
| 7:31 | Create | Villager (Male) |
| 7:41 | Build | Town Center |
| 7:50 | Create | Villager (Male) |
| 8:11 | Build | Farm |
| 8:28 | Create | Cavalry Archer |
| 8:33 | Create | Cavalry Archer |
| 8:35 | Create | Villager (Male) |
| 8:39 | Build | Farm |
| 8:46 | Create | Villager (Male) |
| 9:02 | Build | University |
| 9:14 | Create | Villager (Male) |
| 9:21 | Build | House |
| 9:29 | Create | Villager (Male) |
| 9:49 | Build | House |
| 9:50 | Create | Villager (Male) |
| 9:54 | Build | Farm |
| 10:04 | Build | Farm |
| 10:05 | Research | Ballistics |
| 10:10 | Create | Villager (Male) |
| 10:15 | Build | House |
| 10:26 | Build | Farm |
| 10:26 | Create | Villager (Male) |
| 10:42 | Create | Villager (Male) |
| 10:43 | Create | Cavalry Archer |
| 10:48 | Create | Cavalry Archer |
| 10:51 | Build | House |
| 10:54 | Build | Farm |
| 11:00 | Create | Villager (Male) |
| 11:09 | Create | Villager (Male) |
| 11:21 | Build | House |
| 11:22 | Create | Villager (Male) |
| 11:38 | Research | Bodkin Arrow |
| 11:43 | Create | Cavalry Archer |
| 11:47 | Create | Villager (Male) |
| 11:49 | Build | Farm |
| 11:52 | Build | House |
| 11:58 | Create | Villager (Male) |
| 12:03 | Build | Lumber Camp |
| 12:10 | Create | Cavalry Archer |
| 12:23 | Build | House |
| 12:34 | Research | Padded Archer Armor |
| 12:35 | Create | Villager (Male) |
| 12:37 | Create | Villager (Male) |
| 12:56 | Build | House |
| 13:05 | Build | House |
| 13:13 | Create | Villager (Male) |
| 13:13 | Create | Villager (Male) |
| 13:26 | Build | Farm |
| 13:26 | Build | Farm |
| 13:27 | Build | Farm |
| 13:27 | Build | Farm |
| 13:27 | Build | Farm |
| 13:27 | Build | Farm |
| 13:28 | Build | Farm |
| 13:29 | Create | Villager (Male) |
| 13:30 | Create | Villager (Male) |
| 13:40 | Build | House |
| 13:45 | Create | Villager (Male) |
| 13:48 | Build | Farm |
| 15:11 | Create | Villager (Male) |
| 15:26 | Build | Castle |
| 15:28 | Create | Villager (Male) |
| 15:28 | Create | Villager (Male) |
| 15:31 | Build | Lumber Camp |
| 15:42 | Create | Villager (Male) |
| 15:46 | Build | Farm |
| 16:06 | Create | Villager (Male) |
| 16:09 | Build | Farm |
| 16:16 | Create | Villager (Male) |
| 16:19 | Create | Villager (Male) |
| 16:22 | Build | Lumber Camp |
| 16:31 | Create | Villager (Male) |
| 16:43 | Create | Villager (Male) |
| 16:45 | Research | Bow Saw |
| 16:49 | Build | Mining Camp |
| 17:11 | Research | Imperial Age |
| 17:19 | Build | Archery Range |
| 17:23 | Build | Archery Range |
| 17:24 | Build | Archery Range |
| 17:31 | Create | Villager (Male) |
| 17:36 | Create | Villager (Male) |
| 17:41 | Create | Cavalry Archer |
| 17:41 | Create | Cavalry Archer |
| 17:45 | Create | Cavalry Archer |
| 18:02 | Research | Wheelbarrow |
| 18:18 | Build | Stone Wall |
| 18:22 | Research | Leather Archer Armor |
| 18:27 | Create | Cavalry Archer |
| 18:28 | Create | Cavalry Archer |
| 18:33 | Create | Cavalry Archer |
| 18:39 | Create | Cavalry Archer |
| 18:58 | Create | Cavalry Archer |
| 19:05 | Create | Cavalry Archer |
| 19:09 | Create | Cavalry Archer |
| 19:23 | Build | Stone Wall |
| 19:28 | Create | Villager (Male) |
| 19:32 | Create | Cavalry Archer |
| 19:32 | Create | Cavalry Archer |
| 19:32 | Create | Cavalry Archer |
Build order — Pister BM
First 150 of 375 actions detected
| 0:07 | Create | Villager (Male) |
| 0:19 | Create | Villager (Male) |
| 0:33 | Build | Palisade Wall |
| 0:36 | Create | Villager (Male) |
| 0:45 | Build | Palisade Wall |
| 0:57 | Build | Donjon |
| 1:09 | Create | Villager (Male) |
| 1:18 | Build | Palisade Wall |
| 1:28 | Build | Palisade Wall |
| 1:33 | Build | Palisade Gate |
| 1:42 | Build | Market |
| 1:44 | Create | Villager (Male) |
| 1:48 | Build | Palisade Wall |
| 1:50 | Create | Villager (Male) |
| 2:05 | Build | Palisade Wall |
| 2:07 | Create | Villager (Male) |
| 2:27 | Create | Serjeant |
| 2:27 | Create | Serjeant |
| 2:28 | Create | Serjeant |
| 2:28 | Create | Serjeant |
| 2:35 | Build | House |
| 2:38 | Build | House |
| 3:13 | Create | Villager (Male) |
| 3:21 | Build | Farm |
| 3:21 | Build | Farm |
| 3:22 | Build | Farm |
| 3:36 | Build | Farm |
| 3:41 | Create | Villager (Male) |
| 3:51 | Build | Palisade Wall |
| 4:10 | Build | Palisade Wall |
| 4:11 | Create | Villager (Male) |
| 4:15 | Build | Palisade Wall |
| 4:19 | Create | Villager (Male) |
| 4:36 | Build | Palisade Wall |
| 4:49 | Create | Spearman |
| 5:02 | Build | Barracks |
| 5:04 | Create | Serjeant |
| 5:11 | Build | Farm |
| 5:11 | Build | Farm |
| 5:12 | Build | Farm |
| 5:22 | Build | House |
| 5:25 | Build | House |
| 5:39 | Create | Serjeant |
| 5:39 | Create | Serjeant |
| 5:58 | Build | House |
| 6:01 | Build | House |
| 6:04 | Create | Villager (Male) |
| 6:22 | Build | House |
| 6:24 | Create | Spearman |
| 6:39 | Research | Forging |
| 6:40 | Create | Villager (Male) |
| 7:07 | Create | Villager (Male) |
| 7:22 | Build | Palisade Wall |
| 7:35 | Build | Farm |
| 7:38 | Build | Farm |
| 7:52 | Research | Castle Age |
| 8:07 | Build | Mining Camp |
| 8:17 | Research | Double-Bit Axe |
| 8:22 | Research | Horse Collar |
| 8:22 | Research | Horse Collar |
| 8:53 | Create | Villager (Male) |
| 8:53 | Create | Villager (Male) |
| 9:02 | Research | Gold Mining |
| 10:28 | Create | Spearman |
| 10:28 | Create | Spearman |
| 10:28 | Create | Spearman |
| 10:29 | Create | Spearman |
| 10:30 | Create | Spearman |
| 10:32 | Age | Castle Age |
| 10:39 | Build | Barracks |
| 10:43 | Build | Farm |
| 10:44 | Build | Farm |
| 10:47 | Build | Farm |
| 10:52 | Create | Villager (Male) |
| 10:57 | Create | Spearman |
| 10:59 | Research | Pikeman (upgrade) |
| 11:03 | Research | Squires |
| 11:21 | Research | Gambesons |
| 11:23 | Create | Spearman |
| 11:25 | Create | Spearman |
| 11:25 | Create | Spearman |
| 11:51 | Build | Farm |
| 11:52 | Build | Farm |
| 11:54 | Create | Villager (Male) |
| 12:05 | Create | Spearman |
| 12:12 | Research | Scale Mail Armor |
| 12:22 | Research | Bow Saw |
| 12:53 | Build | Palisade Wall |
| 12:54 | Build | Palisade Wall |
| 12:58 | Create | Villager (Male) |
| 13:09 | Create | Spearman |
| 13:10 | Create | Spearman |
| 13:14 | Create | Villager (Male) |
| 13:34 | Build | Town Center |
| 13:43 | Create | Villager (Male) |
| 13:52 | Research | Gold Shaft Mining |
| 13:57 | Create | Villager (Male) |
| 14:12 | Create | Villager (Male) |
| 14:17 | Create | Villager (Male) |
| 14:51 | Build | Town Center |
| 14:57 | Create | Villager (Male) |
| 15:02 | Create | Villager (Male) |
| 15:08 | Build | Lumber Camp |
| 15:10 | Create | Villager (Male) |
| 15:13 | Create | Spearman |
| 15:13 | Create | Spearman |
| 15:14 | Create | Spearman |
| 15:16 | Create | Villager (Male) |
| 15:30 | Research | Fletching |
| 15:43 | Create | Villager (Male) |
| 15:43 | Create | Villager (Male) |
| 15:56 | Build | Farm |
| 15:57 | Build | Farm |
| 15:57 | Build | Farm |
| 15:58 | Build | Farm |
| 16:00 | Create | Villager (Male) |
| 16:08 | Create | Villager (Male) |
| 16:09 | Create | Villager (Male) |
| 16:18 | Build | Farm |
| 16:19 | Build | Farm |
| 16:21 | Create | Villager (Male) |
| 16:23 | Create | Villager (Male) |
| 16:31 | Create | Villager (Male) |
| 16:34 | Create | Villager (Male) |
| 16:42 | Build | Farm |
| 16:43 | Create | Villager (Male) |
| 16:47 | Build | Farm |
| 16:48 | Build | Farm |
| 16:49 | Build | Farm |
| 17:00 | Build | Castle |
| 17:04 | Create | Villager (Male) |
| 17:08 | Build | House |
| 17:09 | Build | House |
| 17:09 | Build | House |
| 17:09 | Build | House |
| 17:12 | Build | House |
| 17:15 | Build | House |
| 17:25 | Create | Spearman |
| 17:25 | Create | Spearman |
| 17:25 | Create | Spearman |
| 17:25 | Create | Spearman |
| 17:28 | Create | Villager (Male) |
| 17:29 | Create | Villager (Male) |
| 17:34 | Build | Lumber Camp |
| 17:36 | Create | Villager (Male) |
| 17:54 | Build | House |
| 17:57 | Build | House |
| 18:01 | Build | House |
| 18:16 | Create | Villager (Male) |
| 18:27 | Create | Spearman |
Match timeline
| 0:33 | Pister BM · wall_segment Palisade Wall x10 |
| 0:45 | Pister BM · wall_segment Palisade Wall x16 |
| 0:57 | Pister BM · first_building Donjon |
| 1:18 | Pister BM · wall_segment Palisade Wall x8 |
| 1:26 | gran7urismo · first_building Stable |
| 1:27 | Bienjamming · first_building Stable |
| 1:28 | Pister BM · wall_segment Palisade Wall x14 |
| 1:48 | Pister BM · wall_segment Palisade Wall x15 |
| 1:53 | gran7urismo · wall_segment Palisade Wall x1 |
| 1:55 | Tigre Mj · wall_segment Palisade Wall x9 |
| 2:02 | gran7urismo · wall_segment Palisade Wall x1 |
| 2:03 | gran7urismo · wall_segment Palisade Wall x1 |
| 2:05 | Pister BM · wall_segment Palisade Wall x21 |
| 2:10 | gran7urismo · wall_segment Palisade Wall x1 |
| 2:19 | Tigre Mj · first_building Archery Range |
| 2:43 | gran7urismo · wall_segment Palisade Wall x5 |
| 2:47 | Tigre Mj · wall_segment Palisade Wall x8 |
| 2:57 | Tigre Mj · first_market_sell 100 wood |
| 2:58 | Tigre Mj · first_market_buy 100 food |
| 3:17 | Tigre Mj · wall_segment Palisade Wall x12 |
| 3:22 | Tigre Mj · wall_segment Palisade Wall x16 |
| 3:51 | Pister BM · wall_segment Palisade Wall x10 |
| 4:10 | Pister BM · wall_segment Palisade Wall x6 |
| 4:15 | Pister BM · wall_segment Palisade Wall x1 |
| 4:36 | Pister BM · wall_segment Palisade Wall x1 |
| 4:57 | gran7urismo · wall_segment Palisade Wall x11 |
| 5:01 | Tigre Mj · wall_segment Palisade Wall x13 |
| 5:02 | Pister BM · first_building Barracks |
| 5:06 | gran7urismo · wall_segment Palisade Wall x15 |
| 6:54 | Tigre Mj · age_up castle |
| 7:03 | gran7urismo · first_market_buy 100 food |
| 7:22 | Pister BM · wall_segment Palisade Wall x1 |
| 7:23 | Bienjamming · first_market_sell 100 wood |
| 7:45 | Pister BM · first_market_buy 100 food |
| 7:50 | Pister BM · first_market_sell 100 wood |
| 8:58 | gran7urismo · wall_segment Palisade Wall x7 |
| 9:03 | gran7urismo · wall_segment Palisade Wall x1 |
| 9:20 | gran7urismo · wall_segment Palisade Wall x2 |
| 9:41 | Bienjamming · first_building Archery Range |
| 9:59 | gran7urismo · age_up castle |
| 10:03 | gran7urismo · first_building Siege Workshop |
| 10:18 | Bienjamming · age_up castle |
| 10:32 | Pister BM · age_up castle |
| 12:53 | Pister BM · wall_segment Palisade Wall x2 |
| 12:54 | Pister BM · wall_segment Palisade Wall x1 |
| 14:01 | gran7urismo · first_building Castle |
| 14:36 | gran7urismo · wall_segment Stone Wall x1 |
| 15:26 | Tigre Mj · first_building Castle |
| 16:06 | gran7urismo · wall_segment Palisade Wall x1 |
| 16:23 | Bienjamming · first_building Castle |
| 17:00 | Pister BM · first_building Castle |
| 18:18 | Tigre Mj · wall_segment Stone Wall x1 |
| 19:10 | Pister BM · first_building Archery Range |
| 19:23 | Tigre Mj · wall_segment Stone Wall x1 |
| 20:21 | Tigre Mj · age_up imperial |
| 20:30 | Pister BM · wall_segment Palisade Wall x1 |
| 22:41 | Pister BM · wall_segment Palisade Wall x16 |
| 22:51 | Pister BM · wall_segment Palisade Wall x1 |
| 22:54 | Pister BM · wall_segment Palisade Wall x1 |
| 24:03 | gran7urismo · first_building Monastery |
| 25:41 | Pister BM · wall_segment Palisade Wall x10 |
| 25:42 | Tigre Mj · wall_segment Stone Wall x7 |
| 25:51 | gran7urismo · first_market_sell 100 food |
| 27:45 | Tigre Mj · first_building Siege Workshop |
| 27:52 | Pister BM · age_up imperial |
| 28:24 | Pister BM · first_building Siege Workshop |
| 29:13 | gran7urismo · age_up imperial |
| 29:54 | Bienjamming · age_up imperial |
| 31:00 | Tigre Mj · wall_segment Stone Wall x3 |
| 31:02 | Tigre Mj · wall_segment Stone Wall x6 |
| 33:26 | Bienjamming · first_building Siege Workshop |
| 33:32 | Pister BM · tribute_sent a jugador 1 |
| 33:32 | Pister BM · tribute_sent a jugador 2 |
| 33:32 | Pister BM · tribute_sent a jugador 3 |
| 35:54 | Bienjamming · resign |
[ AI ANALYSIS · 1 CREDIT ]
What really happened in this match?
Wolo.gg analyzes every decision: build order, eco, micro, common mistakes by bracket. Personalized analysis on WhatsApp or Discord in 30 seconds.
Civ guide
Khmer
Map guide
Arabia
Perfil
Jugador #11264862